 Dungeon Crawl Stone Soup version 0.21.1-1-g345015f (webtiles) character file.

525 diana the Skirmisher (level 7, -4/44 HPs)
             Began as a Tengu Gladiator on June 11, 2018.
             Slain by olivier's ghost (11 damage)
             ... on level 4 of the Dungeon.
             The game lasted 00:03:06 (2796 turns).

diana the Skirmisher (Tengu Gladiator)              Turns: 2796, Time: 00:03:07

Health: -4/44      AC:  9    Str: 15    XL:     7   Next: 22%
Magic:  8/8        EV: 13    Int:  8    God:
Gold:   127        SH:  0    Dex: 17    Spells: 6/6 levels left

rFire    . . .     SeeInvis .   a - +0 long sword
rCold    . . .     Gourm    .   (no shield)
rNeg     . . .     Faith    .   h - +4 ring mail
rPois    .         Spirit   .   c - +0 hat
rElec    .         Reflect  .   (no cloak)
rCorr    .         Harm     .   (no gloves)
MR       .....                  (boots unavailable)
Stlth    +.........             (no amulet)
HPRegen  0.14/turn              (no ring)
MPRegen  0.11/turn              (no ring)

@: no status effects
A: beak, talons 3, able to fly 1
a: Fly


You were on level 4 of the Dungeon.
You were very hungry.

You visited 1 branch of the dungeon, and saw 4 of its levels.

You collected 127 gold pieces.

Inventory:

Hand Weapons
 a - a +0 long sword (weapon)
Armour
 b - a +0 leather armour
 c - a +0 hat (worn)
 h - a +4 ring mail (worn)
Wands
 r - a wand of polymorph (6)
Scrolls
 e - a scroll of identify {unknown}
 g - 2 scrolls of remove curse {unknown}
 k - 2 scrolls of teleportation {unknown}
 l - a scroll of blinking {unknown}
 m - a scroll of amnesia {unknown}
Potions
 i - 2 potions of curing
 j - a potion of berserk rage {unknown}
 n - a potion of might {unknown}
 o - a potion of mutation {unknown}
 q - a potion of degeneration {unknown}
Books
 p - a book of Misfortune

   Spells                             Type                      Level
   a - Confusing Touch                Hexes                        1
   b - Confuse                        Hexes                        3
   c - Gell's Gravitas                Translocation                3
   d - Petrify                        Transmutation/Earth          4
   e - Metabolic Englaciation         Hexes/Ice                    5
   f - Yara's Violent Unravelling     Hexes/Transmutation          5
Comestibles
 f - 7 rations


   Skills:
 * Level 5.1 Fighting
 + Level 4.9 Long Blades
 - Level 2.0 Throwing
 + Level 3.2 Armour
 + Level 4.8 Dodging


You had 6 spell levels left.
You didn't know any spells.

Dungeon Overview and Level Annotations

Branches:
Dungeon (4/15)
 Temple: D:4-7

Altars:
Sif Muna

Annotations:
D:4 olivier's ghost, amateur GnFi


Innate Abilities, Weirdness & Mutations

You have a beak for a mouth.
You have claws for feet.
You can fly.


Message History

You are too injured to fight recklessly!
Throwing (i - inventory):
d - 3 throwing nets (quivered)
Press: ? - help, Shift-Dir - straight line, f - olivier's ghost
Aim: olivier's ghost (moderately damaged, immune to nets)
You throw a throwing net.
The throwing net completely misses olivier's ghost.
Olivier's ghost hits you but does no damage.
Throwing (i - inventory):
d - 2 throwing nets (quivered)
Press: ? - help, Shift-Dir - straight line, f/p - olivier's ghost
Aim: olivier's ghost (moderately damaged, immune to nets)
You throw a throwing net. The throwing net hits olivier's ghost.
The net passes right through olivier's ghost!
Olivier's ghost is moderately damaged.
Throwing (i - inventory):
d - a throwing net (quivered)
Press: ? - help, Shift-Dir - straight line, f/p - olivier's ghost
Aim: olivier's ghost (moderately damaged, immune to nets)
You throw a throwing net.
The throwing net closely misses olivier's ghost.
Olivier's ghost hits you!
You die...

### #($ #.#
#.# #.. #W#
#.# ###### #@#
#.# #....#
#.#.#.# #....#
#.#.#.###....#
#.#.#.#.+....#
#.#.#.#.#....#
#.#.#.#.#.<..#
#.#.#........#
#.#.#........#
#.#........#.#


You could see olivier's ghost.

Vanquished Creatures
  Pikel (D:3)
  A worker ant (D:3)
  An adder (D:2)
  A worm (D:3)
  A dart slug (D:3)
  5 leopard geckos
  An orc (D:3)
  4 ball pythons (D:1)
  5 bats
  4 giant cockroaches
  10 goblins
  8 hobgoblins
  A jackal (D:1)
  9 kobolds
  2 quokkas
  6 frilled lizards
  7 rats
67 creatures vanquished.

Notes
Turn   | Place    | Note
-------+----------+-------------------------------------------
     0 | D:1      | diana the Tengu Gladiator began the quest for the Orb.
     0 | D:1      | Reached XP level 1. HP: 12/12 MP: 2/2
   176 | D:1      | Reached XP level 2. HP: 18/18 MP: 3/3
   404 | D:1      | Reached XP level 3. HP: 22/22 MP: 4/4
   746 | D:1      | Reached skill level 1 in Armour
  1087 | D:2      | Reached skill level 3 in Fighting
  1201 | D:2      | Reached XP level 4. HP: 28/28 MP: 5/5
  1577 | D:3      | Found a deep blue altar of Sif Muna.
  2428 | D:4      | Noticed Pikel
  2428 | D:4      | Noticed a slave
  2428 | D:4      | Noticed a slave
  2428 | D:4      | Noticed a slave
  2428 | D:4      | Noticed a slave
  2454 | D:3      | HP: 1/28 [slave[Pikel] (5)]
  2455 | D:3      | Killed Pikel
  2455 | D:3      | Reached skill level 5 in Fighting
  2455 | D:3      | Gained mutation: You can fly. [Tengu growth]
  2455 | D:3      | Reached XP level 5. HP: 2/35 MP: 6/6
  2455 | D:3      | Reached XP level 6. HP: 2/40 MP: 7/7
  2455 | D:3      | Reached XP level 7. HP: 2/44 MP: 8/8
  2782 | D:4      | Noticed olivier's ghost (amateur GnFi)
  2796 | D:4      | Slain by olivier's ghost

Skill      XL: |  1  2  3  4 |
---------------+-------------+-----
Armour         | 1 3 |  3.2
Fighting       | 3 5 |  5.1
Long Blades    | 4 |  4.9
Dodging        | 4 |  4.8
Throwing       | |  2.0

Action                   |  1- 3 |  4- 6 |  7- 9 || total
-------------------------+-------+-------+-------++-------
Melee: Long sword        |    60 |    69 |     8 ||   137
       Kick              |    17 |    23 |     3 ||    43
       Peck              |     7 |     8 |     3 ||    18
Throw: Throwing net      |       |       |     3 ||     3
  Use: Potion            |       |     1 |       ||     1
  Eat: Chunk             |       |     5 |       ||     5
Armor: Ring mail         |    24 |    21 |     3 ||    48
       Skin              |       |    38 |       ||    38
Dodge: Dodged            |    47 |    52 |     2 ||   101
       Rpst.: Long sword |    13 |    14 |     1 ||    28
